 Dungeon Crawl Stone Soup version 0.28-a0-2-g643f2454ad (webtiles) character file.

Game seed: 810366541950366601

2236 angelsbits the Covered (level 9, 0/68 HPs)
             Began as a Demonspawn Berserker on July 22, 2021.
             Was a Priest of Trog.
             Killed from afar by an electric eel (2 damage)
             ... with a bolt of electricity
             ... on level 7 of the Dungeon.
             The game lasted 00:40:09 (15357 turns).

angelsbits the Covered (Demonspawn Berserker)      Turns: 15357, Time: 00:40:10

Health: 0/68       AC: 16    Str: 20    XL:     9   Next: 14%
Magic:  0/9        EV:  2    Int: 10    God:    Trog [***...]
Gold:   352        SH: 17    Dex: 12    Spells: 8/8 levels left

rFire   . . .      SeeInvis .   j - +5 scimitar (freeze)
rCold   + + .      Faith    .   b - +0 tower shield
rNeg    . . .      Spirit   +   i - +0 plate armour
rPois   +          Reflect  .   p - +0 helmet
rElec   +          Harm     .   A - +0 cloak
rCorr   +          Rampage  .   B - +0 pair of gloves
Will    .....                   (no boots)
Stlth   ..........              L - amulet of guardian spirit
HPRegen 0.21/turn               v - ring of resist corrosion
MPRegen 0.11/turn               O - ring "Zoam Ofy" {Ice Fly}

@: resistant, flying
A: foul stench 1, condensation shield
a: Renounce Religion, Berserk, Trog's Hand


You were on level 7 of the Dungeon.
You worshipped Trog.
Trog was most pleased with you.
You visited 1 branch of the dungeon, and saw 7 of its levels.

You collected 352 gold pieces.

Inventory:

Hand Weapons
 a - a +0 hand axe
 e - a +3 flail
 j - a +5 scimitar of freezing (weapon)
 l - a +3 vampiric dagger
 m - a +0 hunting sling
 x - a +2 great sword of freezing
 z - a +2 quarterstaff of chaos
 E - a +0 glaive
 J - a +5 scimitar
 Q - a +0 vorpal war axe
Missiles
 g - 55 sling bullets
 k - 75 bolts
 n - 152 stones (quivered)
 q - 4 large rocks
 u - 115 arrows
 w - 4 javelins
 I - 10 boomerangs
 K - 5 poisoned darts
 P - 4 curare-tipped darts
Armour
 b - a +0 tower shield (worn)
 i - a +0 plate armour (worn)
 p - a +0 helmet (worn)
 A - a +0 cloak (worn)
 B - a +0 pair of gloves (worn)
 M - a +1 robe of willpower
Jewellery
 v - a ring of resist corrosion (left hand)
 L - an amulet of guardian spirit (around neck)
 O - the ring "Zoam Ofy" (right hand) {Ice Fly}
   (You found it on level 6 of the Dungeon)

   [ring of ice]

   It enhances your ice magic.
   rF:        It makes you vulnerable to fire.
   rC:        It protects you from cold.
   Fly:       It grants you flight.
Wands
 t - a wand of acid (17)
 y - a wand of polymorph (1)
 F - a wand of flame (24)
Scrolls
 r - a scroll of enchant armour
 s - a scroll of silence
 H - 3 scrolls of vulnerability
 T - 2 scrolls of identify
Potions
 d - a potion of brilliance {unknown}
 f - a potion of flight


   Skills:
 + Level 5.4 Fighting
 + Level 5.2(5.3) Short Blades
 + Level 1.2(3.5) Long Blades
 + Level 3.5(3.7) Axes
 + Level 1.3(2.6) Polearms
 + Level 6.7 Armour
 + Level 2.6 Dodging
 + Level 2.3 Stealth
 + Level 3.1 Shields


You had 8 spell levels left.
You didn't know any spells.
Your spell library contained the following spells:

 Spells                   Type           Power      Damage    Failure   Level
 Blink                    Tloc           N/A        N/A       100%        2
 Lesser Beckoning         Tloc           0%         N/A       100%        3
 Manifold Assault         Tloc           0%         N/A       100%        5


Dungeon Overview and Level Annotations

Branches:
Dungeon (7/15)             Temple (0/1) D:7

Altars:
Hepliaklqana
Ru
Vehumet

Shops:
D:2 (==[


Innate Abilities, Weirdness & Mutations

You may rarely emit foul miasma when damaged in melee.
A meltable shield of frost defends you. (SH +4)


Message History

An electric eel is nearby!
The electric eel shoots out a bolt of lightning at you!
The bolt of electricity hits you.
A centaur comes into view.
The centaur shouts!
The centaur wields a +1 shortbow of freezing.
It is covered in frost.
The centaur shoots an arrow.
You block the arrow.
The electric eel shoots out a bolt of lightning at you!
The bolt of electricity hits you.
* * * LOW HITPOINT WARNING * * *
You feel protected.
The centaur shoots an arrow.
The arrow hits you.
* * * LOW HITPOINT WARNING * * *
The centaur shoots an arrow.
You block the arrow.
The electric eel shoots out a bolt of lightning at you!
The bolt of electricity hits you. You resist.
* * * LOW HITPOINT WARNING * * *
The electric eel shoots out a bolt of lightning at you!
The bolt of electricity hits you. You resist.
* * * LOW HITPOINT WARNING * * *
The centaur shoots an arrow.
You block the arrow.
The electric eel shoots out a bolt of lightning at you!
The bolt of electricity hits you. You resist.
* * * LOW HITPOINT WARNING * * *
The electric eel shoots out a bolt of lightning at you!
The bolt of electricity hits you. You resist.
* * * LOW HITPOINT WARNING * * *
The electric eel shoots out a bolt of lightning at you!
The bolt of electricity hits you. You resist.
* * * LOW HITPOINT WARNING * * *
The bolt of electricity hits you. You resist.
* * * LOW HITPOINT WARNING * * *
Unknown command.
As you read the scroll labelled FEONAG SETT, it crumbles to dust.
You feel aware of your surroundings.
It was a scroll of magic mapping.
The centaur shoots an arrow.
You block the arrow.
The centaur shoots an arrow.
You block the arrow.
The electric eel shoots out a bolt of lightning at you!
The bolt of electricity hits you. You resist.
You die...

*,,,....,,#.#....#
*#≈≈≈# *
*,,,....,,#.#....#
#≈≈≈# *
*,,,.....,#.#c...#
##≈≈≈# *
*,,,.....,#.#....#
##;≈≈## *
*,,,......#.#....#
#≈≈≈≈#
****,,,......#.#....#
#;≈≈##
,,,,,,,.......>#....#
##≈≈≈#
*******.######.#....#
##≈≈≈## * ****,,,,,*
#.#@...# #≈≈≈≈#
*,,,,,,,,* #)#....##
##≈≈≈## ***,**,,,,,*
#.#....≈###≈≈≈##
**,,,,,,,,,*
#.....;≈##≈≈≈##
**,8,8,8,***
#....≈≈≈≈≈≈≈≈#
**,,⌠,⌠,,*
#.#..≈≈≈≈≈≈≈##
,*,8,>,8,*
#...≈≈≈≈≈≈###
,,,,⌠,⌠,,**
#..≈≈≈≈≈≈##
,,,8,8,8,,*
#[#≈≈≈≈≈≈#


You could see a centaur and an electric eel.

Vanquished Creatures
  A water moccasin (D:5)
  2 orc warriors
  A sky beast (D:6)
  2 necrophages
  An ogre (D:5)
  A centaur (D:6)
  A phantom (D:6)
  3 bullfrogs (D:7)
  A scorpion (D:6)
  9 wights (D:7)
  3 electric eels (D:7)
  A centaur zombie (D:5)
  4 orc priests
  Crazy Yiuf (D:3)
  A bullfrog skeleton (D:6)
  5 iguanas
  5 orc wizards
  A howler monkey zombie (D:5)
  Robin (D:2)
  8 adders
  A howler monkey skeleton (D:5)
  A white imp (D:6)
  An ufetubus (D:4)
  2 worms
  A dart slug (D:3)
  17 orcs
  7 bats
  4 endoplasms
  3 giant cockroaches
  11 goblins
  11 hobgoblins
  15 jackals
  3 quokkas
  7 ball pythons
  3 frilled lizards
  8 kobolds
  2 rats
149 creatures vanquished.

Vanquished Creatures (others)
  5 plants
5 creatures vanquished.

Grand Total: 154 creatures vanquished

Notes
Turn   | Place    | Note
-------+----------+-------------------------------------------
     0 | D:1      | angelsbits the Demonspawn Berserker began the quest for the
                  | Orb.
     0 | D:1      | Reached XP level 1. HP: 18/18 MP: 1/1
   575 | D:1      | Gained mutation: You may rarely emit foul miasma when
                  | damaged in melee. [demonic ancestry]
   575 | D:1      | Reached XP level 2. HP: 23/24 MP: 2/2
  1079 | D:1      | Found a faded altar of an unknown god.
  1884 | D:2      | Noticed Robin
  1887 | D:2      | Killed Robin
  1888 | D:2      | Reached skill level 2 in Armour
  1888 | D:2      | Reached XP level 3. HP: 29/29 MP: 3/3
  1897 | D:2      | Reached ** piety under Trog
  2377 | D:2      | Reached XP level 4. HP: 37/37 MP: 4/4
  2504 | D:2      | Found Xuveihio's Antique Weapon Boutique.
  2586 | D:2      | Found Keofyoth's Jewellery Emporium.
  2671 | D:2      | Found Reqaeck's Armour Emporium.
  2691 | D:2      | Found Puneh's Jewellery Shoppe.
  3388 | D:3      | Found a runed translucent door.
  3389 | D:3      | Noticed Crazy Yiuf
  3396 | D:3      | Killed Crazy Yiuf
  3397 | D:3      | Reached skill level 1 in Short Blades
  3397 | D:3      | Reached XP level 5. HP: 42/42 MP: 5/5
  3933 | D:3      | Reached skill level 1 in Stealth
  4942 | D:4      | Found a sacrificial altar of Ru.
  5203 | D:4      | Found a hazy altar of Hepliaklqana.
  6392 | D:5      | Entered Level 5 of the Dungeon
  6474 | D:5      | Reached skill level 3 in Armour
  6474 | D:5      | Gained mutation: A meltable shield of frost defends you.
                  | (SH +4) [demonic ancestry]
  6474 | D:5      | Reached XP level 6. HP: 48/48 MP: 6/6
  6623 | D:5      | Reached *** piety under Trog
  7704 | D:5      | Noticed a water moccasin
  7719 | D:5      | Killed a water moccasin
  7720 | D:5      | Reached skill level 4 in Armour
  7720 | D:5      | Reached skill level 1 in Shields
  8185 | D:5      | Reached XP level 7. HP: 55/55 MP: 5/7
  9408 | D:6      | Found a radiant altar of Vehumet.
  9417 | D:6      | Identified the ring "Zoam Ofy" {Ice Fly}
 10531 | D:6      | Reached skill level 5 in Armour
 10789 | D:6      | Reached XP level 8. HP: 61/61 MP: 5/8
 11373 | D:6      | Reached skill level 5 in Fighting
 11811 | D:7      | Reached skill level 6 in Armour
 11842 | D:7      | Reached skill level 5 in Short Blades
 12696 | D:7      | Reached skill level 1 in Polearms
 13052 | D:7      | Reached XP level 9. HP: 36/66 MP: 4/9
 14283 | D:7      | Reached skill level 1 in Long Blades
 15355 | D:7      | HP: 3/68 [electric eel/bolt of electricity (2)]
 15355 | D:7      | HP: 1/68 [electric eel/bolt of electricity (2)]
 15357 | D:7      | Killed from afar by an electric eel

Illustrated notes

Levels and vault maps discovered:
D:1:      scummos_arrival_checkerplants, layout_basic,
          shapermc_ecumenical_altar_notcrosses, st_stairs_10,
          serial_bayou_pond_c, minmay_misc_feat_columns
D:2:      layout_basic, serial_shops, shop, shop_fountains,
          nicolae_lakefront_shop, nicolae_diamond_shop, minmay_pentomino_o2,
          uniq_robin
D:3:      layout_loops_cross, uniq_crazy_yiuf_cottage
D:4:      layout_loops_corners, mainiacjoe_overflow_surrounded_room,
          amcnicky_altar_gilded, serial_bayou_lagoon_b
D:5:      layout_layer_cave, minmay_misc_feat_nine_boxes
D:6:      layout_basic, lemuel_doored_altar, lightli_minifort
D:7:      statuecave_lemuel, layout_basic,
          minmay_temple_entry_statues_fountains, dk_noncrumbling_3

Skill      XL: |  1  2  3  4  5  6  7  8  9 |
---------------+----------------------------+-----
Axes           | 3 |  3.5
Armour         | 2 3 4 5 6 |  6.7
Dodging        | 2 |  2.6
Fighting       | 4 5 |  5.4
Short Blades   | 1 2 3 4 5 |  5.2
Stealth        | 1 2 |  2.3
Shields        | 1 2 3 |  3.1
Polearms       | 1 |  1.3
Long Blades    | 1 |  1.2

Action                   |  1- 3 |  4- 6 |  7- 9 || total
-------------------------+-------+-------+-------++-------
Melee: Hand axe          |    70 |       |       ||    70
       Dagger            |    27 |   275 |   231 ||   533
       Unarmed           |       |     2 |       ||     2
       Glaive            |       |       |    29 ||    29
       Scimitar          |       |       |    27 ||    27
Invok: Berserk           |     1 |     7 |     7 ||    15
       Trog's Hand       |       |       |     1 ||     1
  Use: Scroll            |     4 |     3 |     6 ||    13
       Potion            |       |       |    12 ||    12
 Stab: Invisible         |       |       |     5 ||     5
Armor: Animal skin       |     4 |       |       ||     4
       Ring mail         |    38 |    49 |       ||    87
       Plate armour      |       |   155 |   112 ||   267
Dodge: Dodged            |    72 |   149 |    70 ||   291
Block: Other             |       |    21 |    36 ||    57
       Tower shield      |       |       |    43 ||    43
       Rpst.: Scimitar   |       |       |     2 ||     2

Table legend: (Time is in decaauts)
 A = Elapsed time spent in this place.
 B = Non-inter-level travel time spent in this place.
 C = Inter-level travel time spent in this place.
 D = Time resting spent in this place.
 E = Time spent auto-exploring this place.
 F = Levels seen in this place.
 G = Mean time per level.
                   A        B        C        D        E       F      G
               +--------+--------+--------+--------+--------+-----+--------+
         Total |  15494 |  14053 |   1441 |   9264 |   3429 |   7 | 2213.4 |
       Dungeon |  15494 |  14053 |   1441 |   9264 |   3429 |   7 | 2213.4 |
               +--------+--------+--------+--------+--------+-----+--------+

Top non-repeatable levels by time:
     D:7: 3671 daAuts
     D:6: 2873 daAuts
     D:5: 2497 daAuts
     D:4: 2281 daAuts
     D:1: 1911 daAuts
     D:2: 1201 daAuts
     D:3: 1057 daAuts
